cohdb
Replays
Latest Replays
All Replays
Popular Replays
Top Player Replays
Match Explorer
How It Works
Community
CoH3 Stats
Reddit
Sign in to upload your games and track your stats! →
Sign in with Steam
Match 43817874
Unlisted
Match 43817874
Overview
Messages
Build Orders
End
Construct Section Command Post
Selects Australian Defense Battlegroup
Selects Australian Light Infantry Section
Australian Light Infantry Section
Dingo Light Scout Car
Australian Light Infantry Section
Infantry Section
Construct Platoon Command Post
Humber Armored Car
Humber Armored Car
Light Vehicle Training
Construct Field Infirmary
Barbarossa
欧菲莉娅
0
0
Comments
sign in to comment!
No comments posted yet!